 Dungeon Crawl Stone Soup version 0.29.0-7-g18a832c13a (webtiles) character file.

Game seed: 13747245502331733696

11237 Fv001 the Unseen (level 12, -6/65 HPs)
             Began as a Kobold Enchanter on Aug 30, 2022.
             Was a High Priest of Dithmenos.
             Mangled by an orc warrior
             ... wielding a +0 short sword
              (10 damage)
             ... on level 11 of the Dungeon.
             The game lasted 00:49:29 (13477 turns).

Fv001 the Unseen (Kobold Enchanter)                Turns: 13477, Time: 00:49:30

Health: -6/65      AC:  5    Str: 11    XL:     12   Next: 5%
Magic:  23/23      EV: 17    Int: 18    God:    Dithmenos [*****.]
Gold:   315        SH:  0    Dex: 15    Spells: 15/26 levels left

rFire   . . .      SeeInvis +   b - +0 short sword (speed)
rCold   + . .      Faith    .   (no shield)
rNeg    . . .      Spirit   .   m - +0 robe
rPois   +          Reflect  .   (no helmet)
rElec   .          Harm     .   Q - scarf {shadows}
rCorr   .          Rampage  .   L - +0 pair of gloves
Will    +....                   h - +1 pair of boots Stlth *+++++++++
                                o - amulet of regeneration
HPRegen 1.00/turn               C - ring "Hiush" {rPois Str+4 Dex-2 SInv}
MPRegen 0.18/turn               M - ring "Koqimayz" {rC+ Will+ Slay+3}

@: about to teleport, wreathed by umbra, invisible
A: small, no large weapons, nightstalker 3
a: Renounce Religion, Shadow Step, Shadow Form


You were on level 11 of the Dungeon.
You worshipped Dithmenos.
Dithmenos was extremely pleased with you.
You visited 1 branch of the dungeon, and saw 11 of its levels.
You also visited: Sewer.

You collected 722 gold pieces.
You spent 407 gold pieces at shops.

Inventory:

Hand Weapons
 a - a +4 vampiric dagger
 b - a +0 short sword of speed (weapon)
Missiles
 n - 4 throwing nets (quivered)
Armour
 h - a +1 pair of boots (worn)
 m - a +0 robe (worn)
 L - a +0 pair of gloves (worn)
 Q - a scarf of shadows (worn)
Jewellery
 d - a ring of ice
 g - a ring of wizardry
 o - an amulet of regeneration (around neck)
 r - a ring of willpower
 v - a +4 ring of protection
 A - a ring of poison resistance
 C - the ring "Hiush" (left hand) {rPois Str+4 Dex-2 SInv}
   (You found it in a sewer)

   [ring of see invisible]

   Str:       It affects your strength (+4).
   Dex:       It affects your dexterity (-2).
   rPois:     It protects you from poison.
   SInv:      It lets you see invisible.
 K - a ring of resist corrosion
 M - the ring "Koqimayz" (right hand) {rC+ Will+ Slay+3}
   (You took it off a gnoll bouda on level 8 of the Dungeon)

   [ring of protection from cold]

   Slay:      It affects your accuracy & damage with ranged weapons and melee
   (+3).
   rC:        It protects you from cold.
   Will:      It increases your willpower.
 U - a ring of ice
Wands
 k - a wand of mindburst (7)
 l - a wand of flame (52)
 t - a wand of acid (10)
 y - a wand of iceblast (6)
 E - a wand of digging (6)
 I - a wand of polymorph (6)
Scrolls
 i - 2 scrolls of fog
 j - 4 scrolls of vulnerability
 p - 2 scrolls of silence
 s - a scroll of amnesia
 z - 11 scrolls of teleportation
 F - a scroll of brand weapon
 H - a scroll of fear {unknown}
 J - 2 scrolls of enchant weapon {unknown}
 R - a scroll of noise {unknown}
 S - a scroll of immolation {unknown}
Potions
 e - 4 potions of curing
 f - a potion of magic
 q - a potion of lignification
 u - 3 potions of cancellation
 w - 2 potions of flight
 x - 2 potions of might
 B - a potion of haste
 D - a potion of attraction
 G - a potion of ambrosia {unknown}
 N - a potion of mutation {unknown}
 O - 3 potions of heal wounds {unknown}
 P - a potion of berserk rage
 T - a potion of brilliance {unknown}


   Skills:
 + Level 3.6 Fighting
 + Level 7.9 Short Blades
 + Level 6.3 Dodging
 + Level 15.6 Stealth
 + Level 7.8 Spellcasting
 + Level 0.2 Conjurations
 + Level 7.7 Hexes
 + Level 6.3 Ice Magic


You had 15 spell levels left.
You knew the following spells:

 Your Spells              Type           Power      Damage    Failure   Level
a - Ensorcelled Hibernat  Hex/Ice        64%        N/A       1%          2
b - Dazzling Flash        Conj/Hex       42%        N/A       6%          3
c - Tukima's Dance        Hex            34%        N/A       1%          3
d - Frozen Ramparts       Ice            58%        1d9       2%          3

Your spell library contained the following spells:

 Spells                   Type           Power      Damage    Failure   Level
 Confusing Touch          Hex            34%        N/A       1%          3
 Ice Form                 Ice/Tmut       18%        N/A       26%         4
 Summon Ice Beast         Ice/Summ       18%        N/A       26%         4


Dungeon Overview and Level Annotations

Branches:
Dungeon (11/15)            Temple (0/1) D:5            Lair (0/5) D:11
    Orc (0/2) D:11          Sewer (visited)

Altars:
Ashenzari
Cheibriados
Dithmenos
Fedhas
Nemelex Xobeh
Qazlal
Sif Muna
Uskayaw
The Shining One

Shops:
D:4 *   D:8 *[:

Annotations:
D:4 exclusion: door
D:7 3 runed translucent doors, Quickbrownfox's ghost, novice DsIE
D:10 exclusion: ice statue
D:11 3 runed translucent doors, exclusion: door


Innate Abilities, Weirdness & Mutations

You are small and have problems with some larger weapons.
You are completely attuned to the shadows.


Message History

The boomerang hits the orc warrior but does no damage.
The orc warrior shouts!
You feel the dreadful sensation subside.
Your hands tingle!
b - a +0 short sword of speed (weapon)
You hear a shout!
The hound bites you.
You hit the hound.
The hound is lightly wounded.
The hound misses you. The orc misses you. x2
The orc warrior completely misses you.
An orc comes into view. It is wielding a +0 short sword.
The orc warrior closely misses you. The orc closely misses you.
You hit the hound.
The hound is moderately wounded.
The hound barely misses you.
You barely miss the hound.
The hound is moderately wounded.
The orc warrior hits you from afar with a +0 glaive!!
The orc throws a boomerang.
The boomerang closely misses the orc.
The boomerang barely misses you.
The orc warrior hits you with a +0 battleaxe!
The orc warrior closely misses you. The orc completely misses you.
The orc closely misses you. x2
An orc warrior comes into view. It is wielding a +0 short sword.
As you read the scroll of teleportation, it crumbles to dust.
You feel strangely unstable. The hound bites you but does no damage.
The hound barely misses you. The orc barely misses you. x2
The orc warrior closely misses you.
The orc warrior hits you with a +0 battleaxe!
* * * LOW HITPOINT WARNING * * *
The orc warrior barely misses you. The orc closely misses you.
You feel better. The hound barely misses you. The orc barely misses you.
The orc closely misses you.
The orc warrior hits you with a +0 battleaxe!
* * * LOW HITPOINT WARNING * * *
The orc throws a boomerang.
The boomerang closely misses the orc.
The boomerang closely misses you.
The orc warrior hits you with a +0 short sword!
You die...

##.# #...# #..# ###.# #.##
###.#### #.# ... .......# ##
#######.### ##... .......#
#. ...)......######....
.......####.
#######.#..........)
....:.......
#^.#######8h8#####8+8#######
#.##


#.o@ooo8.ooooo# #.# #.oooo....oooo# #.# #..oo.._ ## #.# #...o.oo #. #)# #......>
###. #####.######### ############... ##........>....####........'...#.
...............#..'........#####. ##.............#.##........# #. You could see
3 orc warriors, a hound and 9 orcs.

Vanquished Creatures
  2 boulder beetles (D:11)
  A two-headed ogre (D:9)
  A centaur warrior (D:11)
  An unseen horror (D:11)
  Psyche (D:11)
  A komodo dragon (D:11)
  5 trolls
  9 yaks
  A wraith (D:9)
  4 wyverns
  3 steam dragons (D:7)
  2 acid dragons
  3 orc warriors
  An ice beast (D:7)
  2 sky beasts
  A black bear (D:6)
  3 ogres
  A wolf (D:11)
  4 centaurs
  2 phantoms
  2 kobold brigands (D:10)
  A gnoll sergeant (D:8)
  2 scorpions
  3 bullfrogs
  A necrophage (D:5)
  4 wights (D:10)
  11 killer bees
  2 howler monkeys
  3 electric eels (D:11)
  8 orc priests
  8 hounds
  3 jellies
  A gnoll bouda (D:8)
  An iron imp (D:10)
  2 iguanas
  13 orc wizards
  16 gnolls
  11 adders
  A shadow imp (D:6)
  A white imp (D:6)
  4 ufetubi
  2 worms
  37 orcs
  16 ball pythons
  5 bats
  7 endoplasms
  9 giant cockroaches
  8 goblins
  7 hobgoblins
  4 jackals (D:1)
  5 quokkas
  9 frilled lizards
  18 kobolds
  7 rats
280 creatures vanquished.

Vanquished Creatures (collateral kills)
  A wight (D:10)
  4 orcs
5 creatures vanquished.

Vanquished Creatures (others)
  7 dancing weapons
  6 plants (D:1)
13 creatures vanquished.

Grand Total: 298 creatures vanquished

Notes
Turn   | Place    | Note
-------+----------+-------------------------------------------
     0 | D:1      | Fv001 the Kobold Enchanter began the quest for the Orb.
     0 | D:1      | Reached XP level 1. HP: 10/10 MP: 3/3
   551 | D:1      | Reached XP level 2. HP: 11/15 MP: 5/5
   554 | D:1      | Learned a level 2 spell: Ensorcelled Hibernation
  1555 | D:1      | Reached XP level 3. HP: 15/19 MP: 3/6
  1659 | D:2      | Learned a level 3 spell: Dazzling Flash
  2171 | D:2      | Reached skill level 1 in Ice Magic
  2173 | D:2      | Reached XP level 4. HP: 24/24 MP: 4/7
  2469 | D:3      | Reached skill level 5 in Stealth
  3485 | D:3      | Reached XP level 5. HP: 28/28 MP: 1/8
  3556 | D:3      | Found a shadowy altar of Dithmenos.
  3562 | D:3      | Became a worshipper of Dithmenos the Shadowed
  3603 | D:3      | Found a blossoming altar of Fedhas.
  3930 | D:4      | Found a shimmering blue altar of Sif Muna.
  4228 | D:4      | Found Denguda's Assorted Antiques.
  4233 | D:4      | Bought a granite ring for 100 gold pieces
  4233 | D:4      | Bought a scroll of identify for 40 gold pieces
  4283 | D:4      | Noticed a centaur
  4351 | D:4      | Killed a centaur
  4352 | D:4      | Reached skill level 6 in Stealth
  4352 | D:4      | Reached XP level 6. HP: 5/33 MP: 3/10
  4886 | D:5      | Entered Level 5 of the Dungeon
  5051 | D:5      | Reached XP level 7. HP: 37/37 MP: 12/12
  5084 | D:5      | Found a staircase to the Ecumenical Temple.
  5148 | D:5      | Reached skill level 7 in Stealth
  5503 | D:6      | Reached * piety under Dithmenos
  5511 | D:6      | Found a glowing drain.
  5518 | Sewer    | Entered a sewer
  5626 | Sewer    | Reached skill level 1 in Fighting
  5631 | Sewer    | Learned a level 3 spell: Tukima's Dance
  5877 | Sewer    | Identified the ring "Hiush" {rPois Str+4 Dex-2 SInv}
  6348 | D:6      | Found a stormy altar of Qazlal.
  6355 | D:6      | Found a hide-covered altar of Uskayaw.
  6414 | D:6      | Reached XP level 8. HP: 43/43 MP: 14/14
  6631 | D:6      | Reached skill level 8 in Stealth
  6981 | D:6      | Found a sparkling altar of Nemelex Xobeh.
  7102 | D:6      | Reached ** piety under Dithmenos
  7454 | D:7      | Reached skill level 5 in Spellcasting
  7578 | D:7      | Reached XP level 9. HP: 48/48 MP: 13/16
  7608 | D:7      | Reached skill level 5 in Short Blades
  7608 | D:7      | Reached skill level 5 in Dodging
  7608 | D:7      | Reached skill level 9 in Stealth
  7617 | D:7      | Found a glowing golden altar of the Shining One.
  7760 | D:7      | Noticed a kobold demonologist
  7760 | D:7      | Found a runed translucent gate.
  7761 | D:7      | Found a runed translucent gate.
  7763 | D:7      | Found a runed translucent gate.
  7763 | D:7      | Noticed Quickbrownfox's ghost (novice DsIE)
  7859 | D:7      | Reached skill level 5 in Hexes
  8311 | D:6      | Reached skill level 10 in Stealth
  8728 | D:4      | Bought an embroidered cloak for 150 gold pieces
  8797 | D:8      | Found Zaseuval's General Store.
  8967 | D:8      | Reached XP level 10. HP: 54/54 MP: 7/18
  9312 | D:8      | Reached skill level 11 in Stealth
  9347 | D:8      | Reached *** piety under Dithmenos
  9510 | D:8      | Reached skill level 5 in Ice Magic
  9604 | D:8      | Found Meilionu's Antique Armour Boutique.
  9609 | D:8      | Bought a pair of gloves for 117 gold pieces
  9847 | D:8      | Found Guraxic Jaen's Book Boutique.
 10009 | D:8      | Identified the ring "Koqimayz" {rC+ Will+ Slay+3}
 10173 | D:9      | Reached skill level 12 in Stealth
 10939 | D:9      | Noticed a two-headed ogre
 10943 | D:9      | Killed a two-headed ogre
 11015 | D:9      | Reached XP level 11. HP: 59/59 MP: 21/21
 11308 | D:10     | Entered Level 10 of the Dungeon
 11321 | D:10     | Reached **** piety under Dithmenos
 11410 | D:10     | Found a broken altar of Ashenzari.
 11531 | D:10     | Reached skill level 13 in Stealth
 11584 | D:10     | Learned a level 3 spell: Frozen Ramparts
 11644 | D:10     | Found a snail-covered altar of Cheibriados.
 12358 | D:11     | Reached skill level 14 in Stealth
 12390 | D:11     | Noticed a five-headed hydra
 12508 | D:11     | Noticed a centaur warrior
 12511 | D:11     | Killed a centaur warrior
 12585 | D:11     | Found a runed translucent gate.
 12585 | D:11     | Found a runed translucent gate.
 12585 | D:11     | Found a runed translucent gate.
 12652 | D:11     | Noticed a boulder beetle
 12656 | D:11     | Killed a boulder beetle
 12657 | D:11     | Reached skill level 15 in Stealth
 12786 | D:11     | Noticed a boulder beetle
 12851 | D:11     | Noticed Psyche
 12938 | D:11     | Reached ***** piety under Dithmenos
 12979 | D:11     | Killed Psyche
 13150 | D:11     | Killed a boulder beetle
 13151 | D:11     | Reached XP level 12. HP: 62/65 MP: 20/23
 13305 | D:11     | Found a staircase to the Lair.
 13465 | D:11     | Found a staircase to the Orcish Mines.
 13477 | D:11     | Mangled by an orc warrior

Illustrated notes

Levels and vault maps discovered:
D:1:      amcnicky_arrival_gap_in_the_tavern_cellar, layout_basic,
          chequers_big_river
D:2:      layout_rooms
D:3:      layout_rooms, mainiacjoe_overflow_brackets, fedhas_altar_2,
          serial_curves, eino_curves_01, eino_curves_04, minmay_joined_circles
D:4:      layout_rooms, led_sif_book, serial_shops, nicolae_square_shop
D:5:      layout_cave_pools, minmay_temple_entry_fiery
D:6:      layout_rooms, mainiacjoe_overflow_big_doors,
          nemelex_spade_bored_becter, portal_sewer_entry_d, minmay_pentangle
D:7:      layout_basic, mainiacjoe_overflow_alcove_2,
          gammafunk_ghost_nasty_kobolds
D:8:      layout_loops_ring, serial_shops, nicolae_shop_crystal,
          kennysheep_mini, nicolae_diamond_shop, serial_park_tiny_2
D:9:      layout_gridville, hangedman_decor_clover_reticule
D:10:     layout_small_grid, slow_altar_2, marbit_many_paths, minivault_16
D:11:     layout_roguey, erik_lair_island, david_orc_5,
          ebering_ghost_rock_garden, uniq_psyche

Skill      XL: |  1  2  3  4  5  6  7  8  9 10 11 |
---------------+----------------------------------+-----
Ice Magic      | 1 2 3 4 5 6 |  6.3
Stealth        | 5 6 7 8 10 12 15 | 15.6
Dodging        | 3 4 5 6 |  6.3
Short Blades   | 2 3 4 6 7 |  7.9
Spellcasting   | 3 4 5 7 |  7.8
Hexes          | 4 5 6 7 |  7.7
Fighting       | 1 2 3 |  3.6
Conjurations   | |  0.2

Action                   |  1- 3 |  4- 6 |  7- 9 | 10-12 || total
-------------------------+-------+-------+-------+-------++-------
Melee: Dagger            |    64 |    83 |    79 |   153 ||   379
       Short sword       |       |    42 |   263 |    28 ||   333
       Punch             |       |       |     2 |     2 ||     4
 Cast: Ensorcelled Hiber |    18 |    56 |    65 |    79 ||   218
       Dazzling Flash    |       |     1 |     6 |     4 ||    11
       Tukima's Dance    |       |       |     3 |     8 ||    11
Evoke: Wand              |       |       |     1 |       ||     1
  Use: Scroll            |     1 |     9 |     4 |     7 ||    21
       Potion            |       |     2 |     1 |     3 ||     6
 Stab: Sleeping          |    21 |    46 |    65 |    87 ||   219
       Invisible         |       |     1 |     2 |     7 ||    10
       Distracted        |       |       |       |     7 ||     7
Armor: Robe              |     5 |    27 |    52 |    19 ||   103
Dodge: Dodged            |    39 |   129 |   320 |   189 ||   677
